[Event "Kwalificatie NJK B Groningen"]
[Site "Hoogkerk, Netherlands"]
[Date "2023.02.19"]
[Round "6.5"]
[White "Snijders, Take"]
[Black "Krylov, Philippe"]
[Result "1/2-1/2"]
[TimeControl "55 min. + 10 sec./zet"]
[WhiteElo "1848"]
[BlackElo "1862"]

1. e4 c6 2. d4 d5 3. e5 Bf5 4.
h4 h5 5. Bd3 Bxd3 6. Qxd3 Qa5+ 7. Nd2 e6 8. Ngf3 Qa6 9. c4 Nd7 10. O-O Ne7 11. b3 c5 12. Bb2 Nf5 13. Rfd1 Be7 14. g3 g6 15. Nf1 cxd4 16.
Bxd4 dxc4 17. bxc4 O-O 18. Ne3 Nxe3 19. Qxe3 Rfd8 20. Qb3 b6 21. Rd2 Rac8 22. Rad1 Nb8 23. Rc1 Nc6 24. Bc3 Rxd2 25.
Bxd2 Rd8 26. Qb5 Qxb5 27. cxb5 Nd4 28. Nxd4 Rxd4 29. Be3 Ra4 30. Rc8+ Kg7 31. Ra8 Rxa2 32. Bxb6 Rb2 33. Rxa7 Rxb5 34. Be3 Bc5 35. Bxc5 Rxc5 36. f4 Rc2 37. Rb7 Kf8 1/2-1/2

[Event "Kwalificatie NJK B Groningen"]
[Site "Hoogkerk, Netherlands"]
[Date "2023.02.19"]
[Round "6.6"]
[White "Westerhof, Fleur"]
[Black "Damen, Josephine"]
[Result "0-1"]
[TimeControl "55 min. + 10 sec./zet"]
[WhiteElo "1623"]
[BlackElo "1600"]

1. e4 e5 2. Nf3 Nc6 3. d4 exd4 4. Bc4 Nf6 5. O-O Nxe4 6. Re1 d5 7. Bxd5 Qxd5 8. Nc3 Qa5 9. Nxe4 Be6 10. Bd2 Bb4 11. Bxb4 Qxb4 12. Neg5 O-O-O 13. Nxe6 fxe6 14. b3 Rhe8 15. Ng5 e5 16. Nxh7 d3 17. Ng5 d2 18. Re3 Rd7 19. a3 Qe7 20. Ne4 Red8 21. b4 Qh4 22.
Ra2 Nd4 23. c3 Nb3 24. Rb2 Rd3 25.
Rxd3 Rxd3 26. Rxb3 Qxe4 27. Kf1 Rd6 28. f3 Qd3+ 29.
Kg1 Qe3+ 30. Kf1 Rd3 31. Rb2 Rd6 32. Rb3 a6 33. c4 Rd3 34. Rb2 Rd4 35. c5 Kd7 36. Ra2 Ke7 37. h3 Qd3+ 38. Kg1 Kf6 39. Kh2 Qe3 40. h4 Rxh4+ 41. Kg3 Qe1+ 0-1

[Event "Kwalificatie NJK B Groningen"]
[Site "Hoogkerk, Netherlands"]
[Date "2023.02.19"]
[Round "6.7"]
[White "Lee, Jungmin"]
[Black "Van Hesselingen, Guido"]
[Result "0-1"]
[TimeControl "55 min. + 10 sec./zet"]
[WhiteElo "1600"]
[BlackElo "1908"]

1. d4 Nf6 2. Nc3 d5 3. Bf4 c5 4. e3 e6 5. Nb5 Na6 6. Nf3 Be7 7. dxc5 Bxc5 8. Nc3 O-O 9. Bxa6 bxa6 10. O-O Bd7 11. Qd3 Qb6 12. Be5 Ne4 13. Nxe4 Bb5 14. Nxc5 Bxd3 15. Nxd3 f6 16. Bd4 Qb5 17. a4 Qc4 18. Bc3 e5 19. Nd2 Qc6 20. Nb4 Qb7 21.
Nb3 Rfd8 22. Nc5 Qb6 23.
Ncxa6 Rac8 24. a5 Qb5 25. Rfd1 Rd6 26. Rd3 Rxa6 27. Nxa6 Qxa6 28. Rxd5 Qc4 29.
Rad1 a6 30. h3 h6 31. Rd7 Rc7 32. R7d6 Qe2 33. R1d2 Qc4 34. Rb6 Kh7 35. Rdd6 Ra7 36. Rdc6 Qe2 37. Bb4 h5 38. h4 Qd1+ 39. Kh2 Qf1 40.
f3 Qf2 41. e4 Qxh4+ 42. Kg1 Qg3 43. Kf1 h4 44. Be1 Qh2 45. Bf2 Qh1+ 46. Bg1 h3 47. gxh3 Qxf3+ 48. Bf2 Qxe4 49. Rd6 Qh1+ 50. Ke2 Qe4+ 51. Kf1 f5 52. Rbc6 Rb7 53. b3 Rb4 54. Kg1 Qf3 55.
Rg6 Qxh3 56. Rg3 Rg4 57. Rcc3 f4 58. Rxg4 Qxg4+ 59. Kh2 f3 60. Bg3 e4 61. Rc4 Qh5+ 62. Kg1 Qh3 63.
Kf2 Qg2+ 0-1

[Event "Kwalificatie NJK B Groningen"]
[Site "Hoogkerk, Netherlands"]
[Date "2023.02.19"]
[Round "6.8"]
[White "Van Arendonk, Polle"]
[Black "Kleibeuker, Mika"]
[Result "1-0"]
[TimeControl "55 min. + 10 sec./zet"]
[WhiteElo "1906"]
[BlackElo "1698"]

1. e4 c6 2. d4 d5 3. Nc3 dxe4 4. Nxe4 Bf5 5. Ng3 Bg6 6. h4 h6 7. Nf3 e6 8. h5 Bh7 9.
Bd3 Bxd3 10. Qxd3 Nf6 11. Bd2 Be7 12. O-O-O O-O 13. Ne4 c5 14. Nxf6+ Bxf6 15. Bc3 cxd4 16. Bxd4 Bxd4 17. Qxd4 Nc6 18. Qxd8 Rfxd8 19. c3 Kf8 20. Kc2 Ke7 21. Rhe1 Rac8 22. a3 Kf6 23. g4 Ke7 24. Rxd8 Rxd8 25. Ne5 Nxe5 26. Rxe5 Kf6 27. f4 g5 28. hxg6 fxg6 29. Rb5 b6 30. g5+ hxg5 31. fxg5+ Ke7 32.
Re5 Rf8 33. Re2 Rf5 34. Rg2 Kd6 35.
Kd3 Ke5 36. Ke3 Kd5 37. Rg4 Kc5 38. a4 e5 39. b4+ Kd6 40. Ke4 Rf1 41. Rg3 Re1+ 42. Kd3 Ra1 43. Rf3 Rxa4 44. Rf6+ Ke7 45. Rxg6 Ra1 46. Ke4 Re1+ 47. Kf5 Kf7 48. Rf6+ Kg7 49. Rc6 Re3 50. Rc7+ Kf8 51. b5 e4 52. Kf4 Re1 53. Rxa7 Rb1 54. c4 Re1 55. Rb7 Rc1 56. Rxb6 Rxc4 57. Rb7 e3+ 58. Kxe3 Rg4 59. Rc7 Ke8 60. b6 Kd8 61. Rg7 Kc8 62. b7+ Kb8 63. Kf3 Rg1 64. g6 Rg5 65. Kf4 Rg1 66. Ke5 Rg2 67.
Ke6 Rg1 68. Kf6 Rg2 69. Rf7 Rg1 70.
Kg7 Rg2 71. Kh7 Rh2+ 72. Kg8 Rg2 73. g7 Rd2 74. Kf8 1-0

[Event "Kwalificatie NJK B Groningen"]
[Site "Hoogkerk, Netherlands"]
[Date "2023.02.19"]
[Round "6.9"]
[White "Blok, Xaveer"]
[Black "Lopes, Samuel"]
[Result "1-0"]
[TimeControl "55 min. + 10 sec./zet"]
[WhiteElo "1581"]
[BlackElo "1826"]

1. e4 c5 2. c3 d5 3. exd5 Qxd5 4. Nf3 Bg4 5. Be2 Nc6 6. Na3 a6 7. Nc2 Qd8 8. O-O Nf6 9. d4 e6 10. h3 Bh5 11. Bf4 cxd4 12. Ncxd4 Nxd4 13. Nxd4 Bxe2 14. Qxe2 Be7 15. Rad1 Qb6 16. Rfe1 Nd5 17. Nxe6 Qxe6 18. Rxd5 O-O 19. Re5 Qf6 20. Rxe7 Qxf4 21. Rxb7 h6 22.
Rb4 Qd6 23. Rd1 Qc5 24. Qc4 Qh5 25. Rd6 Qg5 26. Rxa6 Rad8 27. Qf4 Qe7 28. Re4 Qb7 29. Raa4 Qxb2 30. Qg3 Qb1+ 31. Kh2 Rd1 32. Qf3 Qc2 33. Rg4 f5 34. Rg6 Qxa4 35. Qg3 Rd7 36. Rxh6 Qxa2 37. Qg6 1-0

[Event "Kwalificatie NJK B Groningen"]
[Site "Hoogkerk, Netherlands"]
[Date "2023.02.19"]
[Round "7.1"]
[White "Van Foreest, Nanne"]
[Black "Ritzerveld, Noah"]
[Result "1/2-1/2"]
[TimeControl "55 min. + 10 sec./zet"]
[WhiteElo "1862"]
[BlackElo "1868"]

1. e4 e5 2. Nf3 Nc6 3.
Bc4 Nf6 4. d3 Bc5 5. c3 a6 6. a4 d6 7. O-O Ba7 8. Nbd2 O-O 9. Re1 h6 10. Nf1 Re8 11. Ng3 Be6 12. Bxe6 Rxe6 13. b4 d5 14. Qc2 Qd7 15.
Bb2 Rae8 16. b5 Ne7 17. Nf5 Ng6 18. h3 Nf4 19. Rad1 axb5 20. axb5 dxe4 21. dxe4 Qxb5 22. c4 Qc5 23. Bc1 Qf8 24. Bxf4 exf4 25.
e5 Nh5 26. Rd7 g6 27. N5d4 Bxd4 28. Rxd4 Ng7 29. Rd7 Qc5 30.
Rb1 b6 31. Rb5 Qc6 32. Rbd5 Nf5 33.
Qa2 Kg7 34. Rd1 Ra8 35. Qb3 Re7 36.
Qc3 Kh7 37. Rxe7 Nxe7 38. Nd4 Qd7 39. Qf3 Rd8 40. Qxf4 Nf5 41. Kh2 Nxd4 42. Rxd4 Qxd4 43. Qxf7+ Kh8 44. Qf6+ Kh7 1/2-1/2

[Event "Kwalificatie NJK B Groningen"]
[Site "Hoogkerk, Netherlands"]
[Date "2023.02.19"]
[Round "7.2"]
[White "Terlouw, Wouter"]
[Black "Roorda, Cas"]
[Result "0-1"]
[TimeControl "55 min. + 10 sec./zet"]
[WhiteElo "1925"]
[BlackElo "1654"]

1. Nf3 Nf6 2. d4 e6 3. c4 d5 4. Nc3 Be7 5. Bg5 c6 6. e3 Nbd7 7. Bd3 h6 8. Bh4 O-O 9. O-O dxc4 10.
Bxc4 a6 11. a4 c5 12. Qc2 cxd4 13. Nxd4 Qc7 14. Ba2 Bd6 15. Bg3 Bxg3 16. hxg3 b6 17. Rac1 Bb7 18. Qe2 Rac8 19. Rc2 Qe5 20.
Rfc1 Nc5 21. Bc4 Ra8 22. Nf3 Qh5 23. b4 Ncd7 24. Nd4 Ng4 25. Nf3 Nde5 26. Nh4 g5 27. f3 gxh4 28. fxg4 Nxg4 29.
e4 hxg3 30. Qf3 Qh2+ 31. Kf1 Ne5 32. Qf4 Nxc4 33. Ne2 f5 34. Rxc4 fxe4 35. Ke1 Rxf4 36. Nxf4 Qg1+ 37. Kd2 Rd8+ 38.
Kc2 Qf2+ 0-1

[Event "Kwalificatie NJK B Groningen"]
[Site "Hoogkerk, Netherlands"]
[Date "2023.02.19"]
[Round "7.3"]
[White "Damen, Josephine"]
[Black "Blok, Xaveer"]
[Result "1-0"]
[TimeControl "55 min. + 10 sec./zet"]
[WhiteElo "1600"]
[BlackElo "1581"]

1. e4 e5 2. Nf3 Nc6 3. Bc4 Bc5 4.
c3 Nf6 5. d4 exd4 6. cxd4 Bb4+ 7. Nc3 Nxe4 8. O-O Bxc3 9. d5 Ne7 10. bxc3 O-O 11. Re1 Nd6 12. Bb3 Kh8 13. Qd3 b6 14.
Ng5 Ng6 15. Bc2 Qf6 16. Nf3 h6 17. h4 Re8 18. Rxe8+ Nxe8 19. h5 Nf8 20. Be3 c6 21. Bd4 Qf4 22. Re1 Bb7 23. Be5 Qg4 24.
Re4 Qxh5 25. Rh4 Qg6 26. Qd2 f5 27. Rxh6+ 1-0

[Event "Kwalificatie NJK B Groningen"]
[Site "Hoogkerk, Netherlands"]
[Date "2023.02.19"]
[Round "7.4"]
[White "Van Hesselingen, Guido"]
[Black "Snijders, Take"]
[Result "1-0"]
[TimeControl "55 min. + 10 sec./zet"]
[WhiteElo "1908"]
[BlackElo "1848"]

1. e4 c6 2. d4 d5 3. e5 Bf5 4. Nf3 e6 5. Be2 Nd7 6. O-O Ne7 7. Nbd2 h6 8. Nb3 g5 9. Be3 Bg7 10.
Rc1 O-O 11. h4 g4 12. Ne1 h5 13. Nd3 Ng6 14. g3 f6 15. exf6 Bxf6 16. Nf4 Nxf4 17. Bxf4 e5 18. dxe5 Bxe5 19.
Bh6 Bxb2 20. Rb1 Bg7 21. Bxg7 Kxg7 22. Nd4 Nc5 23. Nxf5+ Rxf5 24. Qd4+ Qf6 25. Qxc5 b6 26. Qe3 Re5 27.
Qd2 Rae8 28. Bd3 Qe7 29. a4 c5 30. c4 Rd8 31. Rfe1 dxc4 32. Qc3 Rd4 33. Bxc4 Kf8 34. Rxe5 Qxe5 35. Re1 Qf6 36. Bb5 Kg7 37.
Qe3 c4 38. Qe8 Rd6 39. Bxc4 Rc6 40. Re7+ 1-0

[Event "Kwalificatie NJK B Groningen"]
[Site "Hoogkerk, Netherlands"]
[Date "2023.02.19"]
[Round "7.5"]
[White "Knippenberg, Hidde"]
[Black "Van Arendonk, Polle"]
[Result "0-1"]
[TimeControl "55 min. + 10 sec./zet"]
[WhiteElo "1721"]
[BlackElo "1906"]

1. b3 d5 2. Bb2 Bf5 3. e3 e6 4.
Nf3 Nf6 5. Ne5 Nbd7 6. f4 Nxe5 7. fxe5 Ne4 8. Qf3 h5 9. g3 Bg4 10. Qg2 Ng5 11. Be2 Bh3 12. Qg1 Be7 13. d3 f6 14. Nd2 fxe5 15. O-O-O Qd6 16.
g4 hxg4 17. Bxg4 O-O-O 18. e4 Kb8 19.
Re1 Bf6 20. Bf3 Rh4 21. Qg3 Rf4 22. Kb1 d4 23. Bg2 Rg4 24. Bxh3 Rxg3 25. hxg3 Rh8 26. Bg2 Rh6 27. Ref1 Qe7 28. Bc1 a6 29. Nf3 Rxh1 30. Rxh1 Nxf3 31. Bxf3 Bg5 32. Bxg5 Qxg5 33. g4 c5 34. Rc1 Kc7 35. a4 Kb6 36. Kb2 Ka5 37. Ra1 Qe3 38. Bd1 Qd2 39.
Rb1 Qc3+ 40. Ka2 Kb4 41. Ra1 Qe1 42. Kb2 Qf1 43. Rb1 Ka5 44. Ra1 Kb6 45. Rb1 Kc7 46. Ra1 b6 47. Rb1 b5 48. axb5 axb5 49. Ra1 Kb6 50.
Rb1 Kc6 51. Ra1 c4 52. bxc4 bxc4 53. dxc4 Qxc4 54. Ra3 Qf1 55.
Bf3 Kd6 56. Rb3 Ke7 57. Rd3 Kf6 58. Ka2 Kg5 59. Kb2 Kf4 60. Bd1 Kxe4 61. Rd2 Qb5+ 62. Kc1 Kd5 63.
Rh2 Qf1 64. Rh1 Qxh1 0-1

[Event "Kwalificatie NJK B Groningen"]
[Site "Hoogkerk, Netherlands"]
[Date "2023.02.19"]
[Round "7.6"]
[White "Krylov, Philippe"]
[Black "Blom, Rens"]
[Result "1-0"]
[TimeControl "55 min. + 10 sec./zet"]
[WhiteElo "1862"]
[BlackElo "1758"]

1. d4 d6 2. e4 Nf6 3. Nc3 g6 4. f4 Bg7 5. Nf3 c5 6. dxc5 Qa5 7. Bd3 Qxc5 8. Qe2 O-O 9. Be3 Qa5 10.
O-O Bg4 11. Qf2 Bxf3 12. Qxf3 Nc6 13. Rab1 Nd7 14. Qh3 Nc5 15. f5 Nxd3 16. cxd3 Rac8 17. Nd5 Qd8 18. f6 exf6 19.
Bh6 Nd4 20. Qxc8 Qxc8 21. Ne7+ Kh8 22. Bxg7+ Kxg7 23. Nxc8 Rxc8 24. Kf2 f5 25. Rbc1 Re8 26. Rfe1 b5 27. exf5 Rxe1 28. Rxe1 Nxf5 29. Re8 a5 30. g4 Nd4 31. Rd8 Kf6 32.
Rxd6+ Ke5 33. Rd7 f5 34. gxf5 gxf5 35.
Rxh7 a4 36. h4 Nc6 37. a3 b4 38. Rc7 bxa3 39. bxa3 Kd6 40. Rxc6+ Kxc6 41. h5 Kd5 1-0

[Event "Kwalificatie NJK B Groningen"]
[Site "Hoogkerk, Netherlands"]
[Date "2023.02.19"]
[Round "7.7"]
[White "Fallaux, Storm"]
[Black "Niemeijer, LÃ©on"]
[Result "0-1"]
[TimeControl "55 min. + 10 sec./zet"]
[WhiteElo "1643"]
[BlackElo "1860"]

1. e4 e6 2. d4 d5 3. Nd2 c5 4.
Ngf3 cxd4 5. Nxd4 Nf6 6. e5 Nfd7 7. f4 Nc6 8. Nxc6 bxc6 9. Nf3 Bc5 10. Bd3 Qb6 11. Qe2 a5 12. b3 Ba6 13. Bxa6 Rxa6 14. Bb2 a4 15. Bc3 d4 16. Bd2 axb3 17. cxb3 O-O 18. Qd3 Rfa8 19. a4 Bb4 20. Qxd4 Bxd2+ 21. Qxd2 Nc5 22. Qe3 Qb4+ 23. Nd2 Rd8 24. Rd1 Nd3+ 25. Kf1 Nb2 26. Ke2 Nxd1 27. Rxd1 Ra5 28. Nc4 Rxd1 29. Kxd1 Rd5+ 30. Kc2 c5 31.
Qc3 Qb7 32. Qf3 Qb8 33. Qe3 Rd4 34. Na5 Qa8 35. Nc4 Qxg2+ 36. Kc3 Qxh2 37. Qf3 h5 38. a5 h4 39. a6 Qg3 40. Qxg3 hxg3 41. Nd6 Rd1 42.
Kb2 Rd2+ 43. Ka3 Rd1 44. Kb2 g2 45. a7 g1=Q 46. a8=Q+ Kh7 47. Qe4+ Qg6 48.
f5 exf5 49. Qxf5 Qxf5 50. Nxf5 Re1 51. Nd6 Kg6 52. Nc4 Kf5 53. Nd6+ Ke6 54. Ne8 g6 55. Nc7+ Kxe5 56. Na6 Kd6 57. Kc2 Ra1 58. b4 Rxa6 59. bxc5+ Kxc5 60. Kd3 Ra4 61. Ke3 Kd5 62. Kf3 Ke5 63. Kg3 Kf5 64. Kh3 Kg5 65. Kh2 Rg4 66. Kh3 Kf4 67. Kh2 Kf3 68. Kh3 Rf4 69. Kh2 Kf2 70. Kh3 Re4 71. Kh2 0-1

[Event "Kwalificatie NJK B Groningen"]
[Site "Hoogkerk, Netherlands"]
[Date "2023.02.19"]
[Round "7.8"]
[White "Ambrona Navarro, Himar"]
[Black "Chua, Ethan"]
[Result "1/2-1/2"]
[TimeControl "55 min. + 10 sec./zet"]
[WhiteElo "1847"]
[BlackElo "1718"]

1. d4 Nf6 2. Bg5 e6 3. e3 c5 4. Nf3 d5 5. Bd3 Be7 6.
Nbd2 Nc6 7. c3 cxd4 8. exd4 O-O 9. O-O h6 10.
Bf4 Bd6 11. Bxd6 Qxd6 12. Re1 b6 13.
h3 Bb7 14. Qc2 Rac8 15. a3 Rfe8 16. Re2 Nd7 17. Nb3 e5 18. dxe5 Ndxe5 19. Nxe5 Rxe5 20. Rxe5 Qxe5 21. Qe2 Qg5 22. Re1 g6 23. Qe3 Qxe3 24. Rxe3 Kf8 25. Bb5 Re8 26. Rxe8+ Kxe8 27. Bxc6+ Bxc6 28. Nd4 Bb7 29. Kh2 Kd7 30. Kg3 Kd6 31. Kf4 Ba6 32. g3 Bc8 33. Ke4 Ke5+ 1/2-1/2

[Event "Kwalificatie NJK B Groningen"]
[Site "Hoogkerk, Netherlands"]
[Date "2023.02.19"]
[Round "7.9"]
[White "Ponomarev, Ivan"]
[Black "Gergin, Isafara"]
[Result "0-1"]
[TimeControl "55 min. + 10 sec./zet"]
[WhiteElo "1801"]
[BlackElo "1688"]

1. c4 Nf6 2. g3 g6 3. Bg2 Bg7 4. Nc3 O-O 5.
d4 d6 6. Nf3 Nbd7 7. e4 e5 8. d5 a5 9. O-O Nc5 10. Qc2 Ne8 11. Be3 f5 12. Bxc5 dxc5 13. a3 Nd6 14. Nd2 Bd7 15. b4 cxb4 16. axb4 axb4 17. Na2 Qf6 18. Nxb4 f4 19. Nd3 b6 20. Rxa8 Rxa8 21. gxf4 Nf7 22. fxe5 Nxe5 23. Nxe5 Qxe5 24. Nf3 Qf4 25. Re1 Bg4 26. Nd2 Be5 27. Nf1 Rf8 28. Ng3 h5 29. h4 Bd4 30. e5 Bxf2+ 31. Kh1 Bf5 32. Nxf5 Rxf5 33. Re4 Qg3 34. Qa4 Be3 35. Qe8+ Rf8 36. Qe6+ Kg7 37. d6
Bf4 38. Rxf4 Qxf4 39.
Qe7+ Rf7 40. Qxc7 Rxc7 41. dxc7 Qf5 42. Bb7 0-1